Cogmind - Beta 14 @@@ ROGUE MODE // 2024.08.11 @ 17:27:42 Player: kaj Result: Destroyed by G-47 Trooper with Particle Gun Performance ------------- Evolutions (3) 1500 Regions Visited (5) 1000 Robots Destroyed (57) 285 Value Destroyed (2220) 2220 Prototype IDs (0) 0 Alien Tech Used (0) 0 Bonus (69) 69 TOTAL SCORE: 5074 Bonus ------- High Alert Combat Kills 69 Cogmind --------- Core Integrity 0/700 Matter 81/300 Energy 36/450 System Corruption 0% Temperature Cool (9) Movement Hovering (48) Location -7/Factory Parts ------- > --- POWER (2) -------- Deuterium Engine Deuterium Engine > --- PROPULSION (4) --- Gravmag System Gravmag System Gravmag System Gravmag System > --- UTILITY (5) ------ Targeting Computer Targeting Computer > --- WEAPON (2) ------- Flak Gun > --- INVENTORY (5) ---- Medium Treads Large Matter Pod (150) Improved Field Recycling Unit (0) Flak Gun Heavy Flail Peak State ------------ > --- POWER ------------ Improved Deuterium Engine Light Angular Momentum Engine > --- PROPULSION ------- Advanced Treads Advanced Treads Advanced Treads Advanced Treads > --- UTILITY ---------- Targeting Computer Targeting Computer Targeting Computer Improved Light Armor Plating Improved Light Armor Plating > --- WEAPON ----------- Gauss Rifle Flak Gun > --- INVENTORY -------- Large Matter Pod Lightning Gun Gauss Rifle Mini Grenade Launcher Heavy Flail [Rating: 39] Favorites ----------- Power Light Nuclear Core Engine Light Deuterium Engine Power Core Light Nuclear Core Propulsion Light Treads Treads Light Treads Leg Aluminum Leg Wheel Wheel Hover Unit Gravmag System Utility Targeting Computer Device Heat Sink Storage Small Storage Unit Processor Targeting Computer Protection Improved Light Armor Plating Weapon Heavy Assault Rifle Energy Gun EM Pulse Gun Ballistic Gun Heavy Assault Rifle Launcher Mini Grenade Launcher Build | -11 -10 -10 -10 -8 -7 ------- Run | Yrd Mat Min Sub Mat Fac Slots Evolved 6 | . . . . 4 2 Power 1 | . . . . . 1 Propulsion 2 | . . . . 2 . Utility 3 | . . . . 2 1 Weapon . | . . . . . . Parts Attached 61 | 3 8 2 1 27 20 Power 13 | . 2 . 1 5 5 Engine 11 | . 1 . 1 5 4 Core 2 | . 1 . . . 1 Reactor . | . . . . . . Propulsion 25 | 2 3 . . 12 8 Treads 16 | 1 1 . . 12 2 Leg . | . . . . . . Wheel 5 | 1 2 . . . 2 Hover 4 | . . . . . 4 Flight . | . . . . . . Utility 8 | . 1 . . 5 2 Device 2 | . . . . 2 . Storage . | . . . . . . Processor 4 | . 1 . . 2 1 Hackware . | . . . . . . Protection 2 | . . . . 1 1 Artifact . | . . . . . . Weapon 15 | 1 2 2 . 5 5 Energy Gun . | . . . . . . Energy Cannon . | . . . . . . Ballistic Gun 14 | 1 2 2 . 5 4 Ballistic Cannon . | . . . . . . Launcher 1 | . . . . . 1 Special Weapon . | . . . . . . Impact Weapon . | . . . . . . Slashing Weapon . | . . . . . . Piercing Weapon . | . . . . . . Special Melee Weapon . | . . . . . . Unidentified Prototypes . | . . . . . . Parts Lost 21 | . 2 1 5 1 12 Power 2 | . . . 1 . 1 Propulsion 9 | . 2 . 2 . 5 Utility 3 | . . . . 1 2 Weapon 7 | . . 1 2 . 4 Highest Loss Streak 11 | . 1 1 5 1 11 To Critical Strikes . | . . . . . . Average Slot Usage (%) 93 | . 94 100 93 90 86 Engine 6 | . 11 . 2 8 11 Core 5 | . 2 14 11 . 1 Treads 20 | . 13 14 12 30 24 Wheel 7 | . 14 14 10 . . Storage 7 | . 14 14 14 . . Processor 17 | . 8 14 14 25 23 Protection 3 | . . . . 6 9 Ballistic Gun 21 | . 28 28 26 15 13 Peak Build Rating 39 | 6 10 11 10 32 39 Average Rating 15 | 6 7 10 8 19 32 On Entrance 11 | 6 6 10 10 3 32 Naked Turns . | . . . . . . Heaviest Build 34 | 11 14 15 14 20 34 Greatest Support 88 | 20 20 10 10 88 88 Greatest Overweight (x) 3 | . 1 1 3 2 3 Average Overweight (x) . | . . 1 1 . . Largest Inventory Capacity 8 | 8 8 8 8 8 5 Average Capacity 6 | 8 8 8 8 5 5 Most Carried 8 | 6 8 8 7 5 5 Average Carried 5 | 4 6 7 6 4 4 Final Capacity 8 | 8 8 8 8 5 5 Final Carried 8 | 5 8 7 6 5 5 Class Distribution -------------------- 68% | Mutant 31% | Scavenger-Mutant Dominant Class ---------------- Mutant | -10/Materials Mutant | -10/Mines Mutant | -10/Subcaves Scavenger-Mutant | -8/Materials Scavenger-Mutant | -7/Factory Resources | -11 -10 -10 -10 -8 -7 ----------- Run | Yrd Mat Min Sub Mat Fac Matter Collected 1532 | 235 497 71 . 586 143 Remotely . | . . . . . . Salvage Created 2120 | 83 437 147 . 830 623 Parts 135 | 2 31 13 . 54 35 Haulers Intercepted 1 | . . . . 1 . Recyclers Shooed 2 | 1 . . . 1 . Parts Field Recycled . | . . . . . . Retrieved Matter . | . . . . . . Parts Self-Destructed 6 | . . . 6 . . Prevented . | . . . . . . Kills | -11 -10 -10 -10 -8 -7 ------- Run | Yrd Mat Min Sub Mat Fac Combat Hostiles Destroyed 45 | . 10 5 . 17 13 Guns 39 | . 10 5 . 17 7 AOE 6 | . . . . . 6 Classes Destroyed 12 | 1 2 1 . 3 5 Worker 1 | . . . . . 1 Builder 3 | . . . . . 3 Tunneler 1 | . . . . . 1 Hauler 1 | . . . . 1 . Recycler 3 | 1 . . . . 2 Watcher 3 | . 1 . . . 2 Swarmer 9 | . . 2 . 3 4 Grunt 24 | . 10 3 . 7 4 Brawler 1 | . . . . . 1 Sentry 9 | . . . . 6 3 Hunter 1 | . . . . 1 . Programmer 1 | . . . . . 1 Best Kill Streak 10 | 1 3 2 . 4 10 Combat Bots Only 4 | . 3 2 . 4 4 Max Kills in Single Turn 6 | 1 1 1 . 2 6 Gunslinging 1 | . . . . 1 . Exploded 2 | . . . . . 2 Melee . | . . . . . . Uniques/NPCs Destroyed . | . . . . . . Combat | -11 -10 -10 -10 -8 -7 -------- Run | Yrd Mat Min Sub Mat Fac Hostile Shots Fired 493 | . 52 32 19 88 302 Missed 157 | . 7 8 5 22 115 Damage Taken 4436 | . 512 292 372 920 2340 Core 1030 | . 74 19 107 127 703 Absorbed by Shields . | . . . . . . Core Remaining (%) 65 | 100 . . 20 76 . Volleys Fired 131 | 2 35 13 10 48 23 Largest 2 | 2 2 2 2 2 2 Hottest 60 | 60 40 43 43 56 56 Shots Fired 245 | 4 70 26 18 87 40 Gun 239 | 4 70 26 18 87 34 Cannon . | . . . . . . Launcher 6 | . . . . . 6 Special . | . . . . . . Kinetic 238 | 3 70 26 18 87 34 Thermal . | . . . . . . Explosive 6 | . . . . . 6 Electromagnetic 1 | 1 . . . . . Robot Hit Streak 36 | 2 10 13 31 36 21 Robot Miss Streak 7 | 1 1 1 . 1 7 Penetration Max 1 | . . . . 1 . Secondary Targets 4 | . 1 1 . 2 . Max Gunslinging Chain 1 | . 1 1 . 1 . Shots Hit Robots 204 | 2 52 23 18 74 35 Core Hits 119 | 2 22 8 . 34 53 Critical Kills 1 | . . . . 1 . Critical Parts Destroyed 1 | . . . . 1 . Critical Strikes 3 | . . . . 3 . Destroy 3 | . . . . 3 . Melee Attacks . | . . . . . . Impact . | . . . . . . Slashing . | . . . . . . Piercing . | . . . . . . Sneak Attacks . | . . . . . . Combat Hostiles . | . . . . . . Follow-up Attacks . | . . . . . . Damage Inflicted 4365 | 22 646 294 . 1383 2020 Guns 2976 | 22 644 294 . 1383 633 Cannons . | . . . . . . Explosions 1387 | . . . . . 1387 Melee . | . . . . . . Ramming 2 | . 2 . . . . Kinetic 2976 | 22 644 294 . 1383 633 Thermal 864 | . . . . . 864 Explosive 523 | . . . . . 523 Electromagnetic . | . . . . . . Impact . | . . . . . . Slashing . | . . . . . . Piercing . | . . . . . . Highest Corruption . | . . . . . . Average Corruption . | . . . . . . Corruption Purged . | . . . . . . Corruption Blocked . | . . . . . . Overload Shots . | . . . . . . Overflow Damage 196 | . . . . . 196 Projectiles . | . . . . . . Explosions 196 | . . . . . 196 Melee . | . . . . . . Knockbacks . | . . . . . . Impact . | . . . . . . Kinetic . | . . . . . . Secondary . | . . . . . . Self-Inflicted Damage 299 | . . . . . 299 Shots 4 | . . . . . 4 Rammed 1 | . 1 . . . . Targets Rammed 1 | . 1 . . . . Kicked . | . . . . . . Crushed . | . . . . . . Highest Temperature 221 | 20 17 42 221 19 92 Average Temperature 24 | 15 6 17 135 5 29 Received Heat Transfer 1936 | . 279 126 376 342 813 Siege Activations . | . . . . . . Robots Corrupted . | . . . . . . Combat Hostiles . | . . . . . . Parts Fried . | . . . . . . Impact Corruptions . | . . . . . . Robots Melted . | . . . . . . Combat Hostiles . | . . . . . . Parts Melted . | . . . . . . Heat Transferred 750 | . . . . . 750 Parts Sabotaged . | . . . . . . Parts Stolen . | . . . . . . Parts Stripped . | . . . . . . Power Chain Reactions . | . . . . . . Alert | -11 -10 -10 -10 -8 -7 ------- Run | Yrd Mat Min Sub Mat Fac Peak Influence 931 | 5 199 187 . 345 931 Initial 156 | . 3 62 . . 156 Average 126 | 3 83 56 . 146 293 Maximum Alert Level 3 | . . . . 1 3 Low Security (%) 79 | 100 100 100 . 74 19 Level 1 17 | . . . . 25 58 Level 2 3 | . . . . . 19 Level 3 . | . . . . . 1 Level 4 . | . . . . . . Level 5 . | . . . . . . High Security . | . . . . . . Max Security . | . . . . . . Squads Dispatched 12 | . 6 . . 3 3 Investigation 5 | . 4 . . 1 . Extermination 1 | . . . . . 1 Reinforcement 4 | . 2 . . 2 . Assault 1 | . . . . . 1 Garrison 1 | . . . . . 1 Intercept . | . . . . . . Searches Triggered . | . . . . . . Construction Impeded 1 | . . . . 1 . Haulers Reinforced . | . . . . . . Active Scanning Responses . | . . . . . . Cargo Convoy Interrupts . | . . . . . . Stealth | -11 -10 -10 -10 -8 -7 --------- Run | Yrd Mat Min Sub Mat Fac Distress Signals 5 | . . . . 4 1 Communications Jammed . | . . . . . . Distress Signals . | . . . . . . Times Spotted 79 | . 15 8 1 28 27 Peak Tracking Total 11 | . 3 3 1 5 11 Tactical Retreats 4 | . . . . 2 2 Traps | -11 -10 -10 -10 -8 -7 ------- Run | Yrd Mat Min Sub Mat Fac Traps Triggered 7 | . 4 . . 1 2 Indirectly . | . . . . . . Trap Hack Attempts . | . . . . . . Triggered . | . . . . . . Disarmed . | . . . . . . Reprogrammed . | . . . . . . Reused . | . . . . . . Traps Extracted . | . . . . . . Installed . | . . . . . . Triggered . | . . . . . . Machines | -11 -10 -10 -10 -8 -7 ---------- Run | Yrd Mat Min Sub Mat Fac Machines Disabled 28 | . 2 . . 1 25 Max in Single Turn 20 | . 1 . . 1 20 Garrison Access 1 | . . . . . 1 Machines Repaired . | . . . . . . Machines Dismantled . | . . . . . . Machines Sabotaged . | . . . . . . Overloaded Fab Kills . | . . . . . . Hacking | -11 -10 -10 -10 -8 -7 --------- Run | Yrd Mat Min Sub Mat Fac Machines Accessed 9 | . 3 . . 4 2 Terminals 8 | . 3 . . 4 1 Fabricators . | . . . . . . Repair Stations . | . . . . . . Recycling Units 1 | . . . . . 1 Scanalyzers . | . . . . . . Garrison Access . | . . . . . . Total Hacks 25 | . 11 . . 9 5 Successful 8 | . 4 . . 3 1 Failed 16 | . 6 . . 6 4 Catastrophic 4 | . 1 . . 2 1 Database Lockouts 1 | . 1 . . . . Manual 10 | . 5 . . 4 1 Terminals 24 | . 11 . . 9 4 Fabricators . | . . . . . . Repair Stations . | . . . . . . Recycling Units 1 | . . . . . 1 Scanalyzers . | . . . . . . Garrison Access . | . . . . . . Terminal Hacks 8 | . 4 . . 3 1 Robot Analysis 2 | . 2 . . . . Branch Access Points 2 | . 1 . . 1 . Alert Level 1 | . 1 . . . . Investigation Status 1 | . . . . 1 . Zone Layout 2 | . . . . 1 1 Fabricator Hacks . | . . . . . . Repair Station Hacks . | . . . . . . Recycling Unit Hacks . | . . . . . . Scanalyzer . | . . . . . . Garrison Access Hacks . | . . . . . . Unauthorized Hacks . | . . . . . . Terminals . | . . . . . . Fabricators . | . . . . . . Repair Stations . | . . . . . . Recycling Units . | . . . . . . Scanalyzers . | . . . . . . Garrison Access . | . . . . . . Data Cores Recovered . | . . . . . . Used . | . . . . . . Hacking Detections 8 | . 2 . . 4 2 Full Trace Events 1 | . . . . 1 . Feedback Events . | . . . . . . Feedback Blocked . | . . . . . . Robot Schematics Acquired . | . . . . . . Robots Built . | . . . . . . Authchips . | . . . . . . Time . | . . . . . . Total Robot Build Rating . | . . . . . . Part Schematics Acquired . | . . . . . . Parts Built . | . . . . . . Authchips . | . . . . . . Time . | . . . . . . Total Part Build Rating . | . . . . . . Parts Repaired . | . . . . . . Time . | . . . . . . Parts Recycled . | . . . . . . Recycled Matter . | . . . . . . Retrieved Matter . | . . . . . . Retrieved Components . | . . . . . . Parts Scanalyzed . | . . . . . . Part Schematics Acquired . | . . . . . . Parts Damaged . | . . . . . . Bothacking | -11 -10 -10 -10 -8 -7 ------------ Run | Yrd Mat Min Sub Mat Fac Used RIF Installer . | . . . . . . Robots Hacked . | . . . . . . Non-combat . | . . . . . . Combat . | . . . . . . Robot Hacks Applied . | . . . . . . Relay Couplers Released 1 | . . . . . 1 Machine Destruction 1 | . . . . . 1 Fabnet Peak Effective % . | . . . . . . Robots Rewired . | . . . . . . Allies Hacked . | . . . . . . Hacks Repelled . | . . . . . . Allies | -11 -10 -10 -10 -8 -7 -------- Run | Yrd Mat Min Sub Mat Fac Total Allies . | . . . . . . Largest Group . | . . . . . . Highest-Rated Group . | . . . . . . Highest-Rated Ally . | . . . . . . Total Orders . | . . . . . . Ally Attacks . | . . . . . . Total Damage . | . . . . . . Kills . | . . . . . . Allies Corrupted . | . . . . . . Allies Melted . | . . . . . . Intel | -11 -10 -10 -10 -8 -7 ------- Run | Yrd Mat Min Sub Mat Fac Robot Analysis Total 2 | . 2 . . . . Derelict Logs Recovered 1 | . . 1 . . . Drone Launches . | . . . . . . Drone Recoveries . | . . . . . . Exploration | -11 -10 -10 -10 -8 -7 ------------- Run | Yrd Mat Min Sub Mat Fac Turns Passed 3094 | 40 603 938 117 927 469 Spaces Moved 1966 | 17 359 779 80 455 276 Core 124 | . . . 4 62 58 Treads 744 | 17 134 . . 393 200 Legs . | . . . . . . Wheels 1092 | . 225 779 76 . 12 Hover 6 | . . . . . 6 Flight . | . . . . . . Fastest Speed 48 | 160 95 95 95 50 48 Average Speed 115 | 160 121 95 100 144 122 Slowest Speed 200 | 160 160 95 200 160 200 Overloaded Moves . | . . . . . . Propulsion Burnouts . | . . . . . . Robots Hopped . | . . . . . . Cave-ins Triggered . | . . . . . . Exploration Rate (%) 36 | 2 57 100 5 45 12 Regions Visited 5 Branch Regions 2 Pre-discovered Areas 1 | . . 1 . . . Known Exits Taken 1 | . 1 . . . . Unknown Exits Taken 4 | 1 . 1 1 1 . Scrap Searched 1 | . . 1 . . . Spaces Dug . | . . . . . . Terrain Destroyed 88 | . . . . . 88 Melee . | . . . . . . Projectile . | . . . . . . AOE 88 | . . . . . 88 Terrain Rammed . | . . . . . . Walls Destroyed . | . . . . . . Machines Disabled . | . . . . . . Actions | -11 -10 -10 -10 -8 -7 --------- Run | Yrd Mat Min Sub Mat Fac Total 2547 | 26 459 954 101 644 363 Wait 320 | . 42 156 11 79 32 Move 1961 | 16 358 778 79 454 276 Hop . | . . . . . . Pick Up 29 | 2 9 2 . 12 4 Fast Attach 26 | . 1 1 . 10 14 Attach 11 | . 3 1 1 4 2 Detach 1 | . . . . 1 . Swap 24 | 3 4 . . 13 4 Drop 43 | 3 6 3 . 23 8 Fire 131 | 2 35 13 10 48 23 Melee . | . . . . . . Ram . | . . . . . . Kick . | . . . . . . Crush 1 | . 1 . . . . Escape Stasis . | . . . . . . Rewire . | . . . . . . Trap . | . . . . . . Miscellaneous . | . . . . . . Route ------- -11/Scrapyard -10/Materials (discovered 2 exits: [*Mat] / *Min) -10/Mines (discovered 3 exits: [*Mat x2] / [*Sub]) -10/Subcaves -8/Materials -7/Factory History --------- Turn | Location | Event 6 | -11/Scrapyard | Discovered new exit (range 3) 41 | -11/Scrapyard | Entered Materials 315 | -10/Materials | Build established: Mutant 360 | -10/Materials | Identified exit to Mines 365 | -10/Materials | Central database locked down 450 | -10/Materials | Discovered new exit (range 15) 644 | -10/Materials | Entered Mines 664 | -10/Mines | Joined a pair of Derelicts in attacking an 0b10 outpost 820 | -10/Mines | Discovered new exit (range 6) 1371 | -10/Mines | Discovered new exit (range 13) 1456 | -10/Mines | Learned location of Storage (-7) 1577 | -10/Mines | Discovered new exit (range 3) 1582 | -10/Mines | Entered Subcaves 1640 | -10/Subcaves | Discovered new exit (range 9) 1685 | -10/Subcaves | Core integrity fell below 50% 1699 | -10/Subcaves | Entered Materials 1699 | -8/Materials | Evolved 4 slots: Propulsion x2, Utility x2 1725 | -8/Materials | Lost 5 parts (1p2n2w) 2161 | -8/Materials | Build established: Scavenger-Mutant 2621 | -8/Materials | Discovered new exit (range 4) 2626 | -8/Materials | Entered Factory 2626 | -7/Factory | Evolved 2 slots: Power x1, Utility x1 2944 | -7/Factory | Garrison activated, responded to threat 3042 | -7/Factory | Core integrity fell below 50% 3052 | -7/Factory | Core integrity fell below 20% 3077 | -7/Factory | Lost 11 parts (1p5n2u3w) 3095 | -7/Factory | Destroyed by G-47 Trooper with Particle Gun Last Messages --------------- 03074_ S-27 Virus destroyed. 03076_ R-06 Scavenger collects VTOL Module. 03079_ S-27 Virus destroyed. 03083_ R-06 Scavenger collects Lgt. Ion Engine. 03083_ Acquired Gravmag System. 03084_ R-06 Scavenger collects Wheel. 03086_ Fusion Modulator explodes. 03086_ Destroyed Com. Wheel. 03086_ R-06 Scavenger destroyed. 03086_ Fusion Modulator explodes. 03086_ U-05 Engineer destroyed. 03086_ Destroyed Com. Wheel. 03086_ R-06 Scavenger destroyed. 03086_ Fusion Modulator explodes. 03086_ Destroyed Imp. Sensor Array. 03086_ Destroyed Imp. Hover Unit. 03086_ W-25 Informer destroyed. 03086_ Acquired Gravmag System. 03092_ Flak Gun destroyed. 03092_ Acquired Deuterium Engine. Map ----- +----------------------------------------------------+ | # """ # #????????????????????????????? | | ? ?# """ ?# #????????????????????????????? | | ###+#### ???# #????????????????????????????? | | ###+###### ##???????????????????????????? | | ]! #???????????????????????????? | | ]%] #???????????????????????????? | | *]= #???????????????????????????? | | ^ #???????????????????????????? | | #???????????????????????????? | | ###+##### #???????????????????????????? | | ########???????# #???????????????????????????? | | ???????????????# #???????????? ??????????????? | | ???????????????# #??????????? ????????????? | | ???????????????# #?????????? ????????????? | | ???????????????# gg #????????? ????????????? | | ???????????????# #????????? #?????????????? | | ???????????????# gg #???????? #?????????????? | | ???????????????# Y######### #?????????????? | | ???????????????# #?????????????? | | ???????????????# [ #?????????????? | | ???????????????# #?????????????? | | ???????????????# + """?????????? | | ??????????????## ; ????????? | | ??????????????# k ; ""??????????? | | ??????????????# k = ; ""??????????? | | ??????????????# k @ !%* * ; ""??????????? | | ??????????????# !% ; ""??????????? | | ??????????????# * [ # ????????? | | ??????????????# ;#????????????? | | ??????????????# ; ??????????? | | ??????????????# ??????????? | | ????????????? + ??????????? | | ???????????? # ??????????? | | ??????????? ?# ; ???????????? | | ??????????????#% ???????????? | | ??????????????# ????????????? | | ??????????????# ????????????? | | ??????????????? ??????????????? | | ????????????????? ????????????????? | | ???????????????????? ???????????????????? | | ?????????????????????? ?????????????????????? | | ?????????????????????????????????????????????????? | | ?????????????????????????????????????????????????? | | ?????????????????????????????????????????????????? | | ?????????????????????????????????????????????????? | | ?????????????????????????????????????????????????? | | ?????????????????????????????????????????????????? | | ?????????????????????????????????????????????????? | | ?????????????????????????????????????????????????? | | ?????????????????????????????????????????????????? | +----------------------------------------------------+ Best States ------------- Heat Dissipation 41 Energy Generation 29 Energy Capacity 480 Matter Stores 300 Matter Capacity 300 Sight Range 16 Robot Scan Range 14 Terrain Scan Density 10 Armor Coverage 300 Evasion (%) 53 Targeting Accuracy 15 Target Analysis 5 Recoil Reduction 4 Item Schematics ----------------- None Robot Schematics ------------------ None Fabricated ------------ Nothing Alien Tech Used ----------------- None Achievements -------------- None Challenges ------------ None Game ------ Seed SigixCommNetwork Manual? 0 Play Time 00:27:43 Cumulative 176.4 hours Start 2024.08.11 @ 16:58:25 End 2024.08.11 @ 17:27:42 Sessions 1 Manual Loads 0 Difficulty Rogue Special Mode None Game No. 271 Rogue 271 Adventurer 0 Explorer 0 Win Type - Total 0 Types 0/0/0/0/0/0/0/0/0 Lore% 30 Gallery% 57 Achievement% 45 Wizard Run 0 Options --------- Layout 0 ASCII 0 Keyboard 0 Movement Mouse Keybinds 1 Fullscreen 2 Font 18/SmallcapsGlow Map View 76x50 Zoom Use 0% Tactical HUD 1 Map Filters SATURATION(75) Filters LOW_CONTRAST(23,23,23) Steam 1 RUN: 8d797009-be1b-4e86-902e-ee4be23ca4d3